 Dungeon Crawl Stone Soup version 0.31-a0-1-g4198be8af4 (webtiles) character file.

Game seed: 1201649380821169953

6379 Sobieck the Thaumaturge (level 10, 0/50 HPs)
             Began as a Deep Elf Conjurer on Apr 30, 2023.
             Was a Believer of Sif Muna.
             Shot with a bolt by an orc warrior (3 damage)
             ... on level 11 of the Dungeon.
             The game lasted 00:25:42 (11654 turns).

Sobieck the Thaumaturge (Deep Elf Conjurer)        Turns: 11654, Time: 00:25:42

Health: 0/50       AC:  9    Str:  4    XL:     10   Next: 65%
Magic:  10/29      EV: 17    Int: 28    God:    Sif Muna [**....]
Gold:   632        SH:  0    Dex: 13    Spells: 24/35 levels left

rFire   . . .        a - +2 short sword (elec) {short}
rCold   . . .        (no shield)
rNeg    + . .        z - +2 robe {rN+}
rPois   .            (no helmet)
rElec   .            (no cloak)
rCorr   .            c - +0 pair of gloves
SInv    .            (no boots)
Will    +....        (no amulet)
Stlth   ++           l - +5 ring of evasion
HPRegen 0.28/turn    A - +4 ring of protection
MPRegen 0.21/turn

%: no passive effects
@: very slightly contaminated
A: no striking features
a: Renounce Religion, Channel Magic


You were on level 11 of the Dungeon.
You worshipped Sif Muna.
Sif Muna was pleased with you.
You visited 2 branches of the dungeon, and saw 12 of its levels.

You collected 632 gold pieces.


   Skills:
 - Level 2.4 Dodging
 - Level 2.4 Stealth
 - Level 13.0 Spellcasting
 - Level 11.0 Conjurations
 - Level 9.0 Hexes
 - Level 4.0 Translocations
 + Level 5.0 Invocations


You had 24 spell levels left.
You knew the following spells:

 Your Spells              Type           Power      Damage    Failure   Level
a - Magic Dart            Conj           100%       1d8       1%          1
b - Searing Ray           Conj           100%       2d8       1%          2
c - Fulminant Prism       Conj/Hex       32%        3d16      1%          4
d - Iskenderun's Mystic   Conj/Tloc      57%        2d12      1%          4

Your spell library contained the following spells:

 Spells                   Type           Power      Damage    Failure   Level
 Dazzling Flash           Conj/Hex       100%       N/A       1%          3
 Portal Projectile        Hex/Tloc       100%       N/A       1%          3
 Leda's Liquefaction      Hex/Erth       21%        N/A       4%          4
 Call Canine Familiar     Summ           18%        N/A       9%          3
 Malign Gateway           Summ/Tloc      14%        N/A       100%        7
 Summon Horrible Things   Summ           9%         N/A       100%        8

Inventory:

Hand Weapons
 a - a +2 short sword of electrocution (weapon) {short}
   (You took it off a kobold on level 10 of the Dungeon)
Missiles
 d - 115 stones {throwing}
 y - 2 throwing nets {=f!fthrowing}
 W - 25 poisoned darts {throwing}
 X - 5 boomerangs {throwing}
Armour
 b - a +1 robe
 c - a +0 pair of gloves (worn)
   (You found it on level 5 of the Dungeon)
 z - a +2 robe of positive energy (worn)
   (You took it off Erica on level 10 of the Dungeon)
 B - a +0 ring mail
   (You found it on level 2 of the Dungeon)
 G - a +0 leather armour
   (You found it on level 2 of the Dungeon)
 J - a +0 ring mail
   (You found it on level 3 of the Dungeon)
 M - a +0 scale mail
   (You took it off an orc priest on level 3 of the Dungeon)
 N - a +0 ring mail
   (You took it off an orc on level 3 of the Dungeon)
 P - a +0 robe
   (You took it off an orc wizard on level 3 of the Dungeon)
 Q - a +0 robe
   (You took it off an orc wizard on level 3 of the Dungeon)
 R - a +0 leather armour
   (You took it off an orc on level 3 of the Dungeon)
 S - a +0 robe
   (You found it on level 3 of the Dungeon)
 T - a +0 scale mail
   (You took it off an orc on level 4 of the Dungeon)
 U - a +0 chain mail
   (You took it off a hobgoblin on level 4 of the Dungeon)
 Y - a +0 scale mail
   (You found it on level 7 of the Dungeon)
Jewellery
 l - a +5 ring of evasion (left hand)
   (You found it on level 1 of the Dungeon)
 A - a +4 ring of protection (right hand)
   (You found it on level 2 of the Dungeon)
 C - a ring of ice
   (You found it on level 2 of the Dungeon)
 K - a ring of fire
   (You found it on level 3 of the Dungeon)
 L - a ring of positive energy
   (You took it off a gnoll on level 3 of the Dungeon)
Wands
 g - a wand of polymorph (11)
   (You found it on level 6 of the Dungeon)
 m - a wand of flame (25)
   (You took it off Ijyb on level 4 of the Dungeon)
 F - a wand of iceblast (6)
   (You found it on level 2 of the Dungeon)
Scrolls
 i - 2 scrolls of blinking {!r}
 r - 10 scrolls of teleportation {@r4}
 s - 6 scrolls of identify {@r1}
 u - 2 scrolls of enchant armour
 x - 2 scrolls of noise {!r}
 H - 3 scrolls of enchant weapon
 V - 3 scrolls of vulnerability {!r!r}
 Z - 6 scrolls of immolation {!r!r}
Potions
 e - a potion of magic
 f - a potion of invisibility
 h - 2 potions of haste {@q3}
 k - 5 potions of heal wounds {@q2}
 q - 3 potions of resistance
 t - 3 potions of flight
 v - 5 potions of brilliance
 w - a potion of lignification {!q}
 D - 2 potions of attraction {!q}
 E - 3 potions of mutation {!q}
 I - 3 potions of curing {@q1}

Dungeon Overview and Level Annotations

Branches:
Dungeon (11/15) Zot: 26875  Temple (1/1) D:6 Zot: 5969    Lair (0/5) D:8
    Orc: D:9-12

Altars:
Cheibriados
Dithmenos
Elyvilon
Fedhas
Gozag
Hepliaklqana
Kikubaaqudgha
Makhleb
Nemelex Xobeh
Okawaru
Qazlal
Ru
Sif Muna
Trog
Uskayaw
Wu Jian
Xom
Yredelemnul
Zin
The Shining One
Jiyva

Shops:
D:4 *

Annotations:
D:2 1 runed translucent door, Crazy Yiuf
D:5 1 runed translucent door, baller8008's ghost, novice DECj
Temple 2 transporters

#### #..# #..#
#..# #.O# #.@#
#.##
o....o...))....
###.#.######.##
#. #


You could see a two-headed ogre and an orc warrior.


Message History

You start resting.
An orc comes into view. It is wielding a +0 dire flail.
Danger!
Unknown command.
Casting: Searing Ray (safe; 1% risk of failure)
Confirm with . or Enter, or press ? or * to list all spells.
Aiming: Searing Ray (safe; 1% risk of failure)
Press: ? - help, Shift-Dir - straight line, f - orc
Aim: an orc, wielding a +0 dire flail and wearing a +0 plate armour (90% to hit)
The searing ray hits the orc!
You kill the orc!
Sif Muna accepts your kill. (Press . to maintain the ray.)
Something hits you but does no damage.
Deactivating autopickup; reactivate with Ctrl-A.
A two-headed ogre comes into view.
It is wielding a +0 giant club and a +1 heavy dire flail.
Unknown command.
Casting: Searing Ray (safe; 1% risk of failure)
Confirm with . or Enter, or press ? or * to list all spells.
Aiming: Fulminant Prism (dangerous; 1% risk of failure)
Press: ? - help, Dir - move target You conjure a prism of explosive energy!
A fulminant prism comes into view.
Something hits you but does no damage.
Danger!
Casting: Fulminant Prism (dangerous; 1% risk of failure)
Confirm with . or Enter, or press ? or * to list all spells.
You erupt in a blast of force!
The mystic blast hits something.
Something hits you!
Your fulminant prism crackles loudly.
Unknown command.
Casting: Iskenderun's Mystic Blast (dangerous; 1% risk of failure)
Confirm with . or Enter, or press ? or * to list all spells.
You erupt in a blast of force!
The mystic blast hits something!
Something hits you but does no damage.
The blast of energy engulfs the two-headed ogre!!
Casting: Iskenderun's Mystic Blast (dangerous; 1% risk of failure)
Confirm with . or Enter, or press ? or * to list all spells.
You erupt in a blast of force!
The mystic blast hits something!
Sif Muna accepts your kill.
Reactivating autopickup.
You feel a bit more experienced.
An orc warrior comes into view. It is wielding a +0 hand axe.
Training target 11.0 for Conjurations reached!
Your Conjurations skill increases to level 11!
You need to enable at least one skill for training.
Unknown command.
There is a stone staircase leading up here.
Unknown command.
You climb upwards.
There is a stone staircase leading down here.
Unknown command.
You start resting.
You start resting.
Unknown command.
You climb downwards.
The two-headed ogre completely misses you.
The two-headed ogre hits you with a +1 heavy dire flail.
There is a stone staircase leading up here.
Danger!
Casting: Iskenderun's Mystic Blast (dangerous; 1% risk of failure)
Confirm with . or Enter, or press ? or * to list all spells.
You erupt in a blast of force!
The mystic blast hits the two-headed ogre!!
The two-headed ogre is knocked back by the mystic blast.
Unknown command.
Casting: Iskenderun's Mystic Blast (dangerous; 1% risk of failure)
Confirm with . or Enter, or press ? or * to list all spells.
Aiming: Fulminant Prism (dangerous; 1% risk of failure)
Press: ? - help, Dir - move target You conjure a prism of explosive energy!
A fulminant prism comes into view.
Casting: Fulminant Prism (dangerous; 1% risk of failure)
Confirm with . or Enter, or press ? or * to list all spells.
You miscast Iskenderun's Mystic Blast.
You are very lightly contaminated with residual magic.
Nothing appears to happen.
Your fulminant prism crackles loudly.
Casting: Iskenderun's Mystic Blast (dangerous; 1% risk of failure)
Confirm with . or Enter, or press ? or * to list all spells.
You erupt in a blast of force!
The mystic blast hits the two-headed ogre but does no damage.
You hear a shout!
The two-headed ogre hits you with a +0 giant club!!
Ouch! That really hurt!
* * * LOW HITPOINT WARNING * * *
The two-headed ogre hits you with a +1 heavy dire flail.
* * * LOW HITPOINT WARNING * * *
The orc warrior unwields a +0 hand axe.
The orc warrior wields a +0 arbalest.
The orc warrior shoots a bolt.
The bolt closely misses you.
The blast of energy engulfs the two-headed ogre!
Casting: Iskenderun's Mystic Blast (dangerous; 1% risk of failure)
Confirm with . or Enter, or press ? or * to list all spells.
You erupt in a blast of force!
The mystic blast hits the two-headed ogre!
The two-headed ogre is knocked back by the mystic blast.
The orc warrior shoots a bolt.
The bolt hits you!
* * * LOW HITPOINT WARNING * * *
The orc warrior shoots a bolt.
The bolt hits you.
You die...

Skill      XL: |  1  2  3  4  5  6  7  8  9 10 |
---------------+-------------------------------+-----
Spellcasting   | 4 6 7 9 13 | 13.0
Conjurations   | 5 6 7 9 11 | 11.0
Hexes          | 2 5 7 9 |  9.0
Translocations | 2 4 |  4.0
Invocations    | 3 5 |  5.0
Dodging        | |  2.4
Stealth        | |  2.4

Action                     |  1- 3 |  4- 6 |  7- 9 | 10-12 || total
---------------------------+-------+-------+-------+-------++-------
  Melee: Dagger            |       |       |       |     1 ||     1
  Throw: Dart              |       |     1 |       |       ||     1
   Cast: Magic Dart        |    53 |    62 |    51 |     3 ||   169
         Searing Ray       |     9 |    19 |    30 |     4 ||    62
         Iskenderun's Myst |       |       |    13 |    14 ||    27
         Fulminant Prism   |       |       |    40 |    20 ||    60
    Use: Scroll            |       |    13 |     8 |     2 ||    23
 Armour: Robe              |       |     6 |     7 |     5 ||    18
  Dodge: Dodged            |     9 |    11 |    33 |    14 ||    67

Levels and vault maps discovered:
D:1:      giann_horns, layout_basic
D:2:      layout_loops_ring, minmay_door_square, uniq_crazy_yiuf_cottage
D:3:      layout_basic, regret_index_temple_of_mockery,
          mainiacjoe_overflow_alcove_1
D:4:      layout_loops_ring, serial_shops, nicolae_shop_rolling_square,
          wad_floor_pattern_2, chequers_serial_rivers_micro_d, uniq_ijyb,
          uniq_eustachio
D:5:      layout_loops_ring, ebering_ghost_reflecting_pool
D:6:      layout_rooms, amcnicky_altar_gilded, nicolae_elyvilon_peaceful_grove,
          temple_pool_b
D:7:      layout_loops_ring, minmay_overflow_temple_star_quad,
          mainiacjoe_overflow_two_lobes
D:8:      layout_loops_corners, minmay_lair_entry_lava
D:9:      layout_basic, uniq_grum, uniq_harold
D:10:     layout_roguey, lemuel_doored_altar, jiyva_altar_1, uniq_erica
D:11:     layout_basic, david_orc_4, nicolae_wu_jian_wuxing_cycle,
          uniq_josephine, uniq_amaemon
Temple:   hellmonk_temple_divided_pantheon

Notes
Turn   | Place    | Note
-------+----------+-------------------------------------------
     0 | D:1      | Sobieck the Deep Elf Conjurer began the quest for the Orb.
     0 | D:1      | Reached XP level 1. HP: 10/10 MP: 6/6
   315 | D:1      | Reached skill level 4 in Spellcasting
   315 | D:1      | Reached XP level 2. HP: 15/15 MP: 6/9
   596 | D:1      | Learned a level 2 spell: Searing Ray
   890 | D:1      | Reached XP level 3. HP: 19/19 MP: 9/11
   949 | D:1      | Reached skill level 5 in Spellcasting
  1597 | D:2      | Found a runed translucent door.
  1598 | D:2      | Noticed Crazy Yiuf
  2484 | D:3      | Reached skill level 6 in Spellcasting
  2484 | D:3      | Reached XP level 4. HP: 22/24 MP: 1/14
  2715 | D:3      | Reached skill level 7 in Spellcasting
  2715 | D:3      | Reached skill level 5 in Conjurations
  2715 | D:3      | Reached XP level 5. HP: 28/28 MP: 5/16
  2792 | D:3      | Learned a level 4 spell: Fulminant Prism
  2797 | D:3      | Learned a level 4 spell: Iskenderun's Mystic Blast
  2822 | D:3      | Reached skill level 1 in Hexes
  2913 | D:3      | Reached skill level 1 in Translocations
  3047 | D:3      | Found a hazy altar of Hepliaklqana.
  3048 | D:3      | Found a shimmering altar of Xom.
  3049 | D:3      | Noticed a spectral ugly thing
  3235 | D:3      | Reached skill level 2 in Hexes
  3903 | D:3      | Found a snail-covered altar of Cheibriados.
  3970 | D:4      | Noticed Ijyb
  3978 | D:4      | Killed Ijyb
  3979 | D:4      | Reached skill level 2 in Translocations
  3979 | D:4      | Reached XP level 6. HP: 30/32 MP: 10/18
  4217 | D:4      | Reached skill level 3 in Hexes
  4504 | D:4      | Noticed Eustachio
  4509 | D:4      | Reached skill level 4 in Hexes
  4509 | D:4      | Reached skill level 3 in Translocations
  4514 | D:4      | Killed Eustachio
  4515 | D:4      | Reached skill level 5 in Hexes
  4515 | D:4      | Reached skill level 4 in Translocations
  4515 | D:4      | Reached XP level 7. HP: 36/36 MP: 4/19
  4920 | D:4      | Found Pobaf's General Store.
  5149 | D:5      | Entered Level 5 of the Dungeon
  5160 | D:5      | Reached skill level 6 in Hexes
  5257 | D:5      | Reached skill level 7 in Hexes
  5506 | D:5      | Reached skill level 6 in Conjurations
  5593 | D:5      | Reached XP level 8. HP: 41/41 MP: 13/20
  5658 | D:5      | Reached skill level 7 in Conjurations
  5928 | D:5      | Reached skill level 8 in Hexes
  6110 | D:5      | Found a runed translucent door.
  6112 | D:5      | Noticed baller8008's ghost (novice DECj)
  6450 | D:6      | Reached skill level 9 in Hexes
  6576 | D:6      | Reached skill level 8 in Spellcasting
  6578 | D:6      | Reached skill level 9 in Spellcasting
  6784 | D:6      | Identified the +0 war axe "Yloklaem" {drain, *Rage Fly
                  | Str+6 Stlth+}
  6799 | D:6      | Found a staircase to the Ecumenical Temple.
  6827 | Temple   | Entered the Ecumenical Temple
  6827 | Temple   | Found a transporter.
  6827 | Temple   | Found a transporter.
  6829 | Temple   | Found a transporter.
  6829 | Temple   | Found a transporter.
  6844 | Temple   | Became a worshipper of Sif Muna the Loreminder
  6890 | D:6      | Reached XP level 9. HP: 45/45 MP: 19/24
  6959 | D:6      | Found a bloodstained altar of Trog.
  7029 | D:6      | Found a white marble altar of Elyvilon.
  7089 | D:6      | Reached skill level 8 in Conjurations
  7463 | D:7      | Found a sacrificial altar of Ru.
  7469 | D:7      | Found a sparkling altar of Nemelex Xobeh.
  7473 | D:7      | Found a stormy altar of Qazlal.
  7948 | D:7      | Found a shadowy altar of Dithmenos.
  7975 | D:7      | Found an opulent altar of Gozag.
  8065 | D:7      | You pick up a book of the Hunter and begin reading...
  8065 | D:7      | You add the spells Call Canine Familiar, Portal Projectile
                  | and Leda's Liquefaction to your library.
  8423 | D:8      | Reached skill level 9 in Conjurations
  8692 | D:8      | Noticed a fire crab
  8696 | D:8      | Found a staircase to the Lair.
  8732 | D:8      | Killed a fire crab
  8733 | D:8      | Reached skill level 10 in Spellcasting
  8959 | D:8      | Reached skill level 11 in Spellcasting
  9184 | D:8      | Reached skill level 12 in Spellcasting
  9346 | D:8      | Reached * piety under Sif Muna
  9764 | D:9      | Noticed Grum
  9777 | D:9      | Killed Grum
  9839 | D:9      | Noticed Harold
  9972 | D:9      | Killed Harold
  9973 | D:9      | Reached skill level 13 in Spellcasting
  9973 | D:9      | Reached skill level 3 in Invocations
  9973 | D:9      | Reached XP level 10. HP: 25/50 MP: 8/29
 10123 | D:9      | Identified the +1 robe "Bachotsu" {-Cast rC+ Will+}
 10167 | D:9      | Reached skill level 4 in Invocations
 10556 | D:9      | Reached skill level 5 in Invocations
 10696 | D:10     | Entered Level 10 of the Dungeon
 10710 | D:10     | Found a glowing golden altar of the Shining One.
 10752 | D:10     | Noticed Erica
 10764 | D:10     | Killed Erica
 11108 | D:10     | Reached skill level 10 in Conjurations
 11197 | D:10     | You add the spells Malign Gateway and Summon Horrible
                  | Things to your library.
 11286 | D:10     | Reached ** piety under Sif Muna
 11363 | D:10     | Found a viscous altar of Jiyva.
 11543 | D:11     | Noticed a two-headed ogre
 11548 | D:11     | Reached skill level 11 in Conjurations
 11652 | D:11     | HP: 11/50 [two-headed ogre/+0 giant club (2)]
 11653 | D:11     | HP: 2/50 [orc warrior/bolt (9)]
 11654 | D:11     | Shot with a bolt by an orc warrior

Vanquished Creatures
  Harold (D:9)
  Erica (D:10)
  A fire crab (D:8)
  An unseen horror (D:11)
  A slime creature (D:10)
  Eustachio (D:4)
  2 wyverns
  A steam dragon (D:6)
  Grum (D:9)
  A water moccasin (D:8)
  2 orc warriors
  3 ice beasts
  A black bear (D:8)
  3 ogres
  2 wolves (D:9)
  4 centaurs
  2 phantoms
  2 kobold brigands
  2 bullfrogs (D:8)
  3 scorpions
  A gnoll sergeant (D:9)
  3 wights (D:9)
  3 howler monkeys (D:10)
  8 hounds
  3 jellies (D:10)
  A gnoll bouda (D:8)
  4 orc priests
  2 sleepcaps
  Ijyb (D:4)
  7 iguanas
  6 orc wizards
  12 gnolls
  8 adders
  An ufetubus (D:5)
  A worm (D:4)
  A dart slug (D:5)
  22 orcs
  3 bats
  7 endoplasms
  7 giant cockroaches
  7 goblins
  6 hobgoblins
  6 jackals (D:4)
  A quokka (D:1)
  5 ball pythons
  2 frilled lizards (D:1)
  15 kobolds
  8 rats
186 creatures vanquished.

Vanquished Creatures (others)
  A butterfly (D:6)
  60 fulminant prisms
61 creatures vanquished.

Grand Total: 247 creatures vanquished

Table legend:
 A = Non-vault XP
 B = Vault XP
 C = Vault XP percentage of total XP
 D = Non-vault monster count
 E = Vault monster count
 F = Vault count percentage of total count
                 A         B        C        D         E       F
            +---------+---------+-------+---------+---------+-------
      Total |    5608 |    3505 |  38.5 |     174 |      12 |   6.5
            +---------+---------+-------+---------+---------+-------
        D:1 |      50 |       0 |   0.0 |      24 |       0 |   0.0
        D:2 |      13 |       0 |   0.0 |       7 |       0 |   0.0
        D:3 |     291 |       0 |   0.0 |      27 |       0 |   0.0
        D:4 |     367 |     253 |  40.8 |      27 |       2 |   6.9
        D:5 |    1075 |       0 |   0.0 |      18 |       0 |   0.0
        D:6 |    1051 |       0 |   0.0 |      18 |       0 |   0.0
        D:7 |       9 |       0 |   0.0 |       3 |       0 |   0.0
        D:8 |    1078 |     772 |  41.7 |      21 |       1 |   4.5
        D:9 |     794 |    1292 |  61.9 |      11 |       4 |  26.7
       D:10 |     351 |    1188 |  77.2 |      12 |       5 |  29.4
       D:11 |     529 |       0 |   0.0 |       6 |       0 |   0.0
            +---------+---------+-------+---------+---------+-------

Skill      XL: |  1  2  3  4  5  6  7  8  9 10 |
---------------+-------------------------------+-----
Spellcasting   | 4 6 7 9 13 | 13.0
Conjurations   | 5 6 7 9 11 | 11.0
Hexes          | 2 5 7 9 |  9.0
Translocations | 2 4 |  4.0
Invocations    | 3 5 |  5.0
Dodging        | |  2.4
Stealth        | |  2.4

Action                     |  1- 3 |  4- 6 |  7- 9 | 10-12 || total
---------------------------+-------+-------+-------+-------++-------
  Melee: Dagger            |       |       |       |     1 ||     1
  Throw: Dart              |       |     1 |       |       ||     1
   Cast: Magic Dart        |    53 |    62 |    51 |     3 ||   169
         Searing Ray       |     9 |    19 |    30 |     4 ||    62
         Iskenderun's Myst |       |       |    13 |    14 ||    27
         Fulminant Prism   |       |       |    40 |    20 ||    60
    Use: Scroll            |       |    13 |     8 |     2 ||    23
 Armour: Robe              |       |     6 |     7 |     5 ||    18
  Dodge: Dodged            |     9 |    11 |    33 |    14 ||    67

Illustrated notes

Table legend:
 A = Kills in this place as a percentage of kills in the entire game.
 B = Kills by you in this place as a percentage of kills by you in the entire game.
 C = Kills by friends in this place as a percentage of kills by friends in the entire game.
 D = Other kills in this place as a percentage of other kills in the entire game.
 E = Experience gained in this place as a percentage of experience gained in the entire game.
 F = Experience gained in this place divided by the number of levels of this place that you have seen.
                   A       B       C       D       E      F
               +-------+-------+-------+-------+-------+----------------------
         Total | 100.0 | 100.0 |   N/A |   N/A | 100.0 | 759.4
       Dungeon | 100.0 | 100.0 |   N/A |   N/A | 100.0 | 828.5
               +-------+-------+-------+-------+-------+----------------------

Table legend: (Time is in decaauts)
 A = Elapsed time spent in this place.
 B = Non-inter-level travel time spent in this place.
 C = Inter-level travel time spent in this place.
 D = Time resting spent in this place.
 E = Time spent auto-exploring this place.
 F = Levels seen in this place.
 G = Mean time per level.
                   A        B        C        D        E       F      G
               +--------+--------+--------+--------+--------+-----+--------+
         Total |  11660 |  11276 |    384 |   1969 |   7576 |  12 |  971.7 |
       Dungeon |  11629 |  11253 |    376 |   1969 |   7576 |  11 | 1057.2 |
        Temple |     30 |     22 |      8 |      0 |      0 |   1 |   30.0 |
               +--------+--------+--------+--------+--------+-----+--------+

Top non-repeatable levels by time:
     D:3: 1991 daAuts
     D:8: 1638 daAuts
     D:5: 1417 daAuts
     D:1: 1355 daAuts
     D:2: 907 daAuts
     D:4: 900 daAuts
     D:7: 887 daAuts
    D:10: 850 daAuts
     D:9: 847 daAuts
     D:6: 809 daAuts
  Temple: 30 daAuts
    D:11: 25 daAuts
